 Dungeon Crawl Stone Soup version 0.19.3-1-g3169bf9 (webtiles) character file.

240 Macro the Cutter (level 6, 0/42 HPs)
             Began as a Halfling Fighter on Jan 23, 2017.
             Succumbed to a worker ant's poison
             ... on level 3 of the Dungeon on Jan 25, 2017.
             The game lasted 00:15:44 (2462 turns).

Macro the Cutter (Halfling Fighter)                 Turns: 2462, Time: 00:15:44

Health: 0/42       AC: 11    Str: 18    XL:     6   Next: 29%
Magic:  6/6        EV:  9    Int:  6    God:
Gold:   207        SH: 10    Dex: 15    Spells: 0 memorised, 5 levels left

rFire  + . .     SeeInvis .     g - +1 dagger (elec)
rCold  + . .     Gourm    .     b - +0 scale mail
rNeg   . . .     Faith    .     c - +0 shield
rPois  +         Spirit   +     (no helmet)
rElec  +         Reflect  .     k - +2 cloak
rCorr  +         Harm     .     (no gloves)
MR     .....                    v - +0 pair of boots
Stlth  ..........               e - amulet of guardian spirit
                                (no ring)
                                (no ring)

@: lethally poisoned (0 -> -3), resistant, very slightly contaminated, invisible
A: mutation resistance 1
a: no special abilities


You were on level 3 of the Dungeon.
You were hungry.

You visited 1 branch of the dungeon, and saw 4 of its levels.

You collected 207 gold pieces.

Inventory:

Hand Weapons
 g - a +1 dagger of electrocution (weapon)
Armour
 b - a +0 scale mail (worn)
 c - a +0 shield (worn)
 k - a +2 cloak (worn)
 q - a +1 robe of resistance
 v - a +0 pair of boots (worn)
Jewellery
 e - an amulet of guardian spirit (around neck)
Scrolls
 a - a scroll of enchant weapon {unknown}
 h - 2 scrolls of magic mapping {unknown}
 j - 2 scrolls of identify {unknown}
 p - 2 scrolls of teleportation {unknown}
 s - 2 scrolls of remove curse {unknown}
 u - a scroll of random uselessness {unknown}
Potions
 d - 2 potions of might
 m - a potion of lignification
 r - 2 potions of haste
Comestibles
 f - 2 bread rations
 i - a beef jerky


   Skills:
 + Level 3.2 Fighting
 * Level 5.4 Short Blades
 + Level 3.9 Armour
 + Level 0.8 Stealth
 + Level 4.5 Shields


You had 5 spell levels left.
You didn't know any spells.

Dungeon Overview and Level Annotations

Branches:
Dungeon (4/15)
 Temple: D:4-7

Altars:
Makhleb
Nemelex Xobeh
Vehumet


Innate Abilities, Weirdness & Mutations

You are small and have problems with some larger weapons.
You are somewhat resistant to further mutation.


Message History

* * * LOW HITPOINT WARNING * * *
You feel sick.
There is a stone staircase leading up here.
Magic restored.
The orc barely misses you.
The orc throws a tomahawk.
The tomahawk barely misses the orc.
You block the tomahawk.
You climb upwards.
* * * LOW HITPOINT WARNING * * *
You feel sick.
There is a stone staircase leading down here.
It was a potion of resistance.
You feel protected.
Okay, then.
* * * LOW HITPOINT WARNING * * *
You feel sick.
* * * LOW HITPOINT WARNING * * *
You feel sick.
You are feeling hungry.
* * * LOW HITPOINT WARNING * * *
You feel sick.
You die...

#.#..#.....#.#<.....# #.#
###.######.###.#......# #.#
#................#.#..########.#
#.[.######.#.....#.#.>.........#
#...# #.#.....#.##.##########
##### #.#.###.#....#
#.#.#...o....# #.#.#.#.#....#
#.#.#.@.####.# #.#.########.####
#.#.............#
#.#######.......#######
#..................[...
#########.......#######
###......................
#..........##############
#.#.######.# #


You could see an orc.

Vanquished Creatures
  A howler monkey (D:4)
  An orc wizard (D:4)
  A worker ant (D:4)
  4 gnolls (D:2)
  2 adders (D:3)
  6 worms
  2 dart slugs
  2 leopard geckos (D:1)
  5 bats
  2 giant cockroaches
  9 hobgoblins
  4 jackals (D:3)
  9 kobolds
  2 ball pythons
  9 frilled lizards
  10 goblins
  7 rats
76 creatures vanquished.

Notes
Turn   | Place    | Note
-------+----------+-------------------------------------------
     0 | D:1      | Macro the Halfling Fighter began the quest for the Orb.
     0 | D:1      | Reached XP level 1. HP: 15/15 MP: 1/1
    48 | D:1      | Reached XP level 2. HP: 17/20 MP: 2/2
   217 | D:1      | Reached XP level 3. HP: 26/26 MP: 3/3
   395 | D:1      | Reached skill level 3 in Short Blades
   741 | D:2      | Reached XP level 4. HP: 31/31 MP: 4/4
   764 | D:2      | Found a radiant altar of Vehumet.
  1063 | D:2      | Reached skill level 4 in Short Blades
  1068 | D:2      | Reached XP level 5. HP: 21/36 MP: 3/5
  1110 | D:2      | Found a sparkling altar of Nemelex Xobeh.
  2414 | D:4      | Found a burning altar of Makhleb.
  2422 | D:4      | Reached skill level 5 in Short Blades
  2422 | D:4      | Reached XP level 6. HP: 42/42 MP: 6/6
  2456 | D:3      | HP: 2/42 [poisoned by a worker ant]
  2462 | D:3      | Succumbed to a worker ant's poison

Skill      XL: |  1  2  3  4  5 |
---------------+----------------+-----
Fighting       | 3 |  3.2
Short Blades   | 3 4 5 |  5.4
Shields        | 4 |  4.5
Armour         | |  3.9
Stealth        | |  0.8

Action                   |  1- 3 |  4- 6 || total
-------------------------+-------+-------++-------
Melee: Rapier            |    29 |       ||    29
       Dagger            |    86 |   147 ||   233
  Use: Potion            |     1 |     6 ||     7
  Eat: Chunk             |       |     5 ||     5
Armor: Scale mail        |    37 |    36 ||    73
Dodge: Dodged            |    29 |    34 ||    63
Block: Shield            |    57 |    60 ||   117
